 Dungeon Crawl Stone Soup version 0.29.1-2-gbd0b4ee654 (webtiles) character file.

Game seed: 10972176516351981931

47 Raikaria the Covered (level 3, -3/29 HPs)
             Began as a Demonspawn Fighter on Nov 7, 2022.
             Slain by an orc
             ... wielding a +0 mace
              (5 damage)
             ... on level 2 of the Dungeon.
             The game lasted 00:03:10 (1007 turns).

Raikaria the Covered (Demonspawn Fighter)           Turns: 1007, Time: 00:03:10

Health: -3/29      AC:  6    Str: 18    XL:     3   Next: 48%
Magic:  3/3        EV:  9    Int:  9    God:
Gold:   56         SH:  4    Dex: 12    Spells: 2/2 levels left

rFire   . . .      SeeInvis .   a - +0 war axe
rCold   . . .      Faith    .   c - +0 buckler
rNeg    . . .      Spirit   .   b - +0 scale mail
rPois   .          Reflect  .   (no helmet)
rElec   .          Harm     .   (no cloak)
rCorr   +          Rampage  .   (no gloves)
Will    .....                   (no boots)
Stlth   ..........              (no amulet)
HPRegen 0.09/turn               i - ring of resist corrosion
MPRegen 0.08/turn               (no ring)

@: no status effects
A: ignite blood 1, demonic magic 1
a: no special abilities


You were on level 2 of the Dungeon.
You visited 1 branch of the dungeon, and saw 3 of its levels.

You collected 56 gold pieces.

Inventory:

Hand Weapons
 a - a +0 war axe (weapon)
Armour
 b - a +0 scale mail (worn)
 c - a +0 buckler (worn)
Jewellery
 i - a ring of resist corrosion (left hand)
Scrolls
 e - a scroll of identify {unknown}
 g - 2 scrolls of immolation {unknown}
 h - 2 scrolls of teleportation {unknown}
Potions
 d - a potion of might
 f - a potion of mutation {unknown}


   Skills:
 - Level 3.0 Fighting
 + Level 2.4 Axes
 + Level 3.2 Armour
 + Level 3.2 Shields


You had 2 spell levels left.
You didn't know any spells.
Your spell library was empty.

Dungeon Overview and Level Annotations

Branches:
Dungeon (3/15)

Altars:


Innate Abilities, Weirdness & Mutations

Your demonic aura sometimes causes spilled blood to erupt in flames.
Spells you cast may paralyse adjacent enemies.


Message History

The adder hisses angrily.
The hobgoblin shouts!
The giant cockroach bites you but does no damage.
You block the hobgoblin's attack. The endoplasm freezes you.
You are frozen.
The orc hits you with a +0 mace!
The giant cockroach bites you but does no damage.
There is a stone staircase leading up, spattered with blood here.
The endoplasm hits you but does no damage.
The orc hits you with a +0 mace.
The hobgoblin hits you but does no damage.
The giant cockroach bites you but does no damage.
The adder closely misses you.
You climb upwards.
There is a stone staircase leading down, spattered with blood here.
You barely miss the endoplasm. You barely miss the orc. The endoplasm hits you.
The orc hits you with a +0 mace.
You slash the orc!
You kill the orc!
You hit the endoplasm. The endoplasm freezes you.
You are frozen.
The giant cockroach bites you but does no damage.
The endoplasm freezes you.
You are frozen.
You barely miss the giant cockroach. You hit the endoplasm.
The giant cockroach bites you but does no damage.
The endoplasm hits you but does no damage.
You block the giant cockroach's attack.
You closely miss the giant cockroach. You slash the endoplasm!
You kill the endoplasm!
The giant cockroach barely misses you. The orc hits you with a +0 mace.
* * * LOW HITPOINT WARNING * * *
You closely miss the orc. You barely miss the giant cockroach.
The giant cockroach bites you.
* * * LOW HITPOINT WARNING * * *
The giant cockroach closely misses you. The orc hits you with a +0 mace.
* * * LOW HITPOINT WARNING * * *
You closely miss the orc. You hit the giant cockroach.
The giant cockroach closely misses you. The orc hits you with a +0 mace.
You die...

#########
.....gB@#
#######o#
#.# #.#
#.# #.#
#.# #.#
#.#


You could see an orc, a giant cockroach and a hobgoblin.

Vanquished Creatures
  An orc wizard (D:2)
  A worm (D:2)
  2 orcs (D:2)
  3 endoplasms
  2 giant cockroaches
  2 goblins
  2 jackals (D:1)
  A quokka (D:1)
  2 bats (D:1)
  A rat (D:1)
17 creatures vanquished.

Notes
Turn   | Place    | Note
-------+----------+-------------------------------------------
     0 | D:1      | Raikaria the Demonspawn Fighter began the quest for the
                  | Orb.
     0 | D:1      | Reached XP level 1. HP: 18/18 MP: 1/1
   198 | D:1      | Gained mutation: Your demonic aura sometimes causes spilled
                  | blood to erupt in flames. [demonic ancestry]
   198 | D:1      | Reached XP level 2. HP: 22/24 MP: 2/2
   784 | D:3      | Found a faded altar of an unknown god.
   801 | D:2      | Gained mutation: Spells you cast may paralyse adjacent
                  | enemies. [demonic ancestry]
   801 | D:2      | Reached XP level 3. HP: 11/29 MP: 3/3
  1007 | D:2      | Slain by an orc

Illustrated notes

Levels and vault maps discovered:
D:1:      psy_arrival_radial01, layout_basic, dreamdust_wishing_well,
          minmay_pentomino_w2
D:2:      layout_basic, minmay_unequal, uniq_sigmund
D:3:      layout_rooms, trog_butcher_becter, ebering_ecumenical_altar_rust,
          cheibrodos_sewer_entry_bend, serial_shops, nicolae_shop_waterfront,
          uniq_grinder

Skill      XL: |  1  2 |
---------------+-------+-----
Axes           | 2 |  2.4
Armour         | 3 |  3.2
Shields        | 3 |  3.2
Fighting       | |  3.0

Action                   || total
-------------------------++-------
Melee: War axe           ||    50
Armor: Scale mail        ||    35
Dodge: Dodged            ||    27
Block: Buckler           ||    18
